 Dungeon Crawl Stone Soup version 0.18.1-48-g4cf74bf (webtiles) character file.

29 torvon the Chiller (level 3, -4/26 HPs)
             Began as a Merfolk Ice Elementalist on Aug 8, 2016.
             Slain by a worm (5 damage)
             ... on level 2 of the Dungeon.
             The game lasted 00:06:03 (957 turns).

torvon the Chiller (Merfolk Ice Elementalist)        Turns: 957, Time: 00:06:03

Health: -4/26      AC:  2    Str:  8    XL:     3   Next: 16%
Magic:  1/6        EV: 13    Int: 14    God:
Gold:   33         SH:  0    Dex: 15    Spells: 2 memorised, 2 levels left

rFire  . . .     SeeInvis .     o - +0 hand axe
rCold  . . .     Gourm    .     a - +0 robe
rNeg   . . .     Faith    .     (no shield)
rPois  .         Spirit   .     (no helmet)
rElec  .         Dismiss  .     (no cloak)
rCorr  .         Reflect  .     (no gloves)
SustAt .         Harm     .     (no boots)
MR     .....                    (no amulet)
Stlth  ++........               (no ring)
                                (no ring)

@: very slightly contaminated, not resistant to hostile enchantments, unstealthy
A: change form in water, swift swim
a: no special abilities


You were on level 2 of the Dungeon.
You were hungry.

You visited 1 branch of the dungeon, and saw 2 of its levels.

You collected 33 gold pieces.

Inventory:

Hand Weapons
 i - a +0 club
 m - a +0 hunting sling
 o - a +0 hand axe (weapon)
 s - a +0 dagger
Missiles
 e - 93 stones (quivered)
 j - 24 bolts
Armour
 a - a +0 robe (worn)
 u - a +0 scale mail
Scrolls
 d - a scroll of random uselessness {unknown}
 g - 3 scrolls of amnesia {unknown}
 l - 2 scrolls of teleportation {unknown}
 q - a scroll of identify {unknown}
Potions
 f - 3 potions of curing {unknown}
 h - 2 potions of cancellation {unknown}
 k - 2 potions of brilliance {unknown}
 n - a potion of heal wounds {unknown}
 r - a potion of might {unknown}
 t - 2 potions of magic {unknown}
Books
 b - a book of Frost

   Spells                             Type                      Level
   a - Freeze                         Ice                          1
   b - Throw Frost                    Conjuration/Ice              2
   c - Ozocubu's Armour               Charms/Ice                   3
   d - Throw Icicle                   Conjuration/Ice              4
   e - Summon Ice Beast               Ice/Summoning                4
Comestibles
 c - 2 bread rations
 p - a meat ration


   Skills:
 + Level 1.4 Fighting
 + Level 3.3 Dodging
 - Level 2.1 Stealth
 - Level 2.0 Spellcasting
   Level 0.7 Conjurations
 + Level 3.8 Ice Magic


You had 2 spell levels left.
You knew the following spells:

 Your Spells              Type           Power        Failure   Level  Hunger
a - Freeze                Ice            ##..         6%          1    ##.....
b - Ozocubu's Armour      Chrm/Ice       #.......     38%         3    ####...


Dungeon Overview and Level Annotations

Branches:
Dungeon (2/15)

Altars:
The Shining One


Message History

Confirm with . or Enter, or press ? or * to list all spells.
Aiming: Freeze
Press: ? - help, Shift-Dir - straight line, f/p - worm
Aim: a worm (heavily wounded)
You freeze the worm.
The worm is severely wounded.
Unknown command.
Casting: Freeze
Confirm with . or Enter, or press ? or * to list all spells.
Aiming: Freeze
Press: ? - help, Shift-Dir - straight line, f/p - worm
Aim: a worm (severely wounded)
You freeze the worm.
The worm is almost dead.
The worm bites you!
* * * LOW HITPOINT WARNING * * *
You hit the worm.
The worm is almost dead.
The worm bites you.
You die...

#............###
###########..P.#
.# #P.PP#
#####.#
#P.P.##.....!.
###.............
#†....†.........
#....#..........
#..........8....
#....#..@w......
#....#..........
######..........
##.........
...######. ....#
....# .....#


You could see a worm.

Vanquished Creatures
  An adder (D:2)
  A dart slug (D:1)
  2 bats (D:1)
  A giant cockroach (D:2)
  2 goblins
  4 hobgoblins
  2 jackals (D:1)
  A giant gecko zombie (D:2)
  A giant newt (D:1)
  A quokka skeleton (D:2)
16 creatures vanquished.

Notes
Turn   | Place    | Note
--------------------------------------------------------------
     0 | D:1      | torvon the Merfolk Ice Elementalist began the quest for the Orb.
     0 | D:1      | Reached XP level 1. HP: 13/13 MP: 3/3
   174 | D:1      | Reached XP level 2. HP: 18/20 MP: 1/5
   533 | D:1      | Found a glowing golden altar of the Shining One.
   759 | D:2      | Reached skill level 1 in Fighting
   882 | D:2      | Reached XP level 3. HP: 21/26 MP: 6/6
   941 | D:2      | Learned a level 3 spell: Ozocubu's Armour
   956 | D:2      | HP: 1/26 [worm (12)]
   957 | D:2      | Slain by a worm

Skill      XL: |  1  2 |
---------------+-------+-----
Dodging        | 3 |  3.3
Fighting       | 1 |  1.4
Stealth        | |  2.1
Spellcasting   | |  2.0
Conjurations   | |  0.7
Ice Magic      | |  3.8

Action                   || total
-------------------------++-------
Melee: Club              ||    25
       Unarmed           ||     1
       Hand axe          ||    16
 Cast: Freeze            ||    19
 Stab: Sleeping          ||     2
Armor: Robe              ||    15
Dodge: Dodged            ||    55
